 Dungeon Crawl Stone Soup version 0.30.1-10-g1249ef9ec4 (webtiles) character file.

Game seed: 2141634970014385436

7695 Nonny the Basher (level 11, 15/87 HPs)
             Began as a Demonspawn Cinder Acolyte on Oct 27, 2023.
             Was a High Priest of Ignis.
             Quit the game on level 1 of the Abyss.
             The game lasted 00:30:40 (10229 turns).

Nonny the Basher (Demonspawn Cinder Acolyte)       Turns: 10229, Time: 00:30:40

Health: 15/87      AC: 19    Str: 17    XL:     11   Next: 0%
Magic:  12/12      EV: 11    Int: 20    God:    Ignis [*****.]
Gold:   501        SH:  4    Dex:  8    Spells: 12/12 levels left

rFire   + . .        x - +0 flail (drain)
rCold   + . .        (no shield)
rNeg    . . .        h - +0 ring mail {rC+}
rPois   +            A - +0 helmet
rElec   .            p - +0 cloak
rCorr   .            (no gloves)
SInv    .            (no boots)
Will    .....        I - amulet of regeneration Stlth
                     F - ring of Relativism {rPois Str-3 Int+5}
HPRegen 1.14/turn    y - +4 ring of slaying
MPRegen 0.13/turn

%: no passive effects
@: fiery-armoured, wreathed by umbra
A: yellow scales 2, demonic guardian 2, condensation shield, demonic touch 1
a: Renounce Religion, Fiery Armour, Foxfire Swarm, Rising Flame


You were on level 1 of the Abyss.
You worshipped Ignis.
Ignis was extremely pleased with you.
You visited 2 branches of the dungeon, and saw 10 of its levels.
You visited the Abyss 1 time.
You also visited: Ossuary and Bailey.

You collected 633 gold pieces.
You spent 132 gold pieces at shops.

Inventory:

Hand Weapons
 a - a +1 mace of flaming
 x - a +0 flail of draining (weapon)
Missiles
 w - a throwing net (quivered)
Armour
 h - a +0 ring mail of cold resistance (worn)
 p - a +0 cloak (worn)
 u - +0 steam dragon scales
 A - a +0 helmet (worn)
Jewellery
 b - a +6 ring of dexterity
 e - a ring of protection from fire
 f - a +6 ring of dexterity
 l - a ring of flight
 s - a ring of resist corrosion
 y - a +4 ring of slaying (right hand)
 F - the ring of Relativism (left hand) {rPois Str-3 Int+5}
   (You found it in a bailey)

   [ring of poison resistance]

   Str:       It affects your strength (-3).
   Int:       It affects your intelligence (+5).
   rPois:     It protects you from poison.
 I - an amulet of regeneration (around neck)
Wands
 d - a wand of paralysis (4)
Scrolls
 c - a scroll of torment
 g - 2 scrolls of amnesia
 i - 2 scrolls of immolation
 n - 3 scrolls of poison
 r - a scroll of noise
 t - 3 scrolls of teleportation
 B - 2 scrolls of identify
 D - a scroll of fog
 E - a scroll of enchant weapon
Potions
 j - a potion of cancellation
 k - a potion of resistance
 m - 5 potions of curing
 o - 5 potions of brilliance
 q - 2 potions of might
 v - a potion of mutation
 z - a potion of attraction
 C - a potion of magic


   Skills:
 + Level 8.9 Fighting
 + Level 11.0 Maces & Flails
 - Level 7.0 Armour
 + Level 3.4 Dodging
 - Level 1.0 Spellcasting
 - Level 2.6 Fire Magic
 - Level 3.0 Evocations


You had 12 spell levels left.
You didn't know any spells.
Your spell library contained the following spells:

 Spells                   Type           Power      Damage    Failure   Level
 Scorch                   Fire           22%        2d5       14%         2
 Sandblast                Erth           2%         2d4       28%         1
 Passwall                 Tmut/Erth      0%         N/A       41%         2
 Static Discharge         Conj/Air       2%         2-3/arc   41%         2
 Sublimation of Blood     Necr           1%         N/A       41%         2
 Wereblood                Tmut           1%         N/A       41%         2
 Stone Arrow              Conj/Erth      2%         3d7       65%         3
 Airstrike                Air            0%         2d(1-17)  96%         4
 Summon Lightning Spire   Summ/Air       1%         N/A       96%         4
 Summon Hydra             Summ           0%         N/A       100%        7


Dungeon Overview and Level Annotations

Branches:
Dungeon (9/15)             Temple (1/1) D:7         Ossuary (visited)
 Bailey (visited)
   Lair: D:8-11         Orc: D:9-12

Altars:
Ashenzari
Cheibriados
Dithmenos
Fedhas
Gozag
Hepliaklqana
Kikubaaqudgha
Makhleb
Nemelex Xobeh
Okawaru
Qazlal
Ru
Sif Muna
Trog
Uskayaw
Vehumet
Wu Jian
Xom
Yredelemnul

Shops:
D:3 [   D:4 *   D:6 =

Annotations:
D:4 3 runed translucent doors, Gerakis's ghost, amateur HOEn
D:9 Erolcha


Innate Abilities, Weirdness & Mutations

You are mostly covered in yellow scales. (AC +3)
A demonic guardian rushes to your aid.
A meltable shield of frost defends you. (SH +4)
Your touch may inflict minor irresistible damage on your foes.


Message History

The flying skull hits you!
* * * LOW HITPOINT WARNING * * *
A demonic guardian appears!
Tentacles burst from the starspawn's body! 2 starspawn tentacles come into view.
The flying skull attacks as you move away!
The flying skull hits you but does no damage.
Your orange demon closely misses the flying skull.
Your orange demon hits the flying skull.
Unknown command.
The profane servitor attacks as you move away!
The profane servitor hits you with a +3 whip!
* * * LOW HITPOINT WARNING * * *
The profane servitor draws strength from your injuries!
The profane servitor hits you but does no damage.
The flying skull hits you but does no damage.
The flying skull attacks as you move away!
The flying skull hits you.
* * * LOW HITPOINT WARNING * * *
You block the profane servitor's attack.
The profane servitor barely misses you. The flying skull misses you.
Unknown command.
A protective cloak of flame settles atop you.
The profane servitor hits you but does no damage. x2
The flying skull hits you but does no damage.
The profane servitor misses you.
The profane servitor hits you but does no damage.
Unknown command.
The profane servitor attacks as you move away!
The profane servitor hits you with a +3 whip.
* * * LOW HITPOINT WARNING * * *
The profane servitor draws strength from your injuries!
The profane servitor is burned by your cloak of flames.
The profane servitor is lightly damaged.
The profane servitor misses you.
Okay, then.
Okay, then.
Okay, then.
Are you sure you want to abandon this character and quit the game? (Confirm with "yes".)

# . ..#.#
..##..##...#
#.#....##..#
.#..##..#...####
...#....#......#
........#.#z.##
..'.....§~4#...###
.~...§~~##.z.#.#
....#w#zw~#..#.A@#
#.│──####..#### #.
>#..##..
..X─..#..#..
####... .#...
...'#.. #..# +#..
### #..#


wXw. ...# . 5..'. .. You could see a profane servitor and 2 flying skulls.

Vanquished Creatures
  A deep elf pyromancer (Bailey)
  A manticore (D:9)
  Joseph (D:7)
  2 flying skulls (Abyss:1)
  3 wyverns
  2 yaks (D:5)
  A steam dragon (D:8)
  Menkaure (D:5)
  A small abomination (Abyss:1)
  2 water moccasins (D:5)
  2 orc warriors
  A sky beast (D:7)
  2 ogres (D:6)
  3 centaurs
  A kobold brigand (D:9)
  A phantom (D:4)
  4 bullfrogs
  2 scorpions (D:6)
  A wyvern zombie (Ossuary)
  2 water moccasin zombies (Ossuary)
  3 killer bees (D:9)
  2 howler monkeys
  3 hounds
  3 centaur zombies (Ossuary)
  6 bullfrog zombies (Ossuary)
  2 gnoll boudas
  5 orc priests
  A sleepcap (D:7)
  8 orc wizards
  4 iguanas
  3 killer bee zombies (Ossuary)
  17 mummies (Ossuary)
  A howler monkey zombie (Ossuary)
  12 gnolls
  10 adders
  A white imp (D:8)
  A worm (D:2)
  3 dart slugs
  29 orcs
  7 endoplasms
  4 giant cockroaches
  13 goblins
  11 hobgoblins
  5 jackals
  4 quokkas
  3 ball pythons
  10 bats
  5 frilled lizards
  10 kobolds
  3 rats
223 creatures vanquished.

Vanquished Creatures (collateral kills)
  A two-headed ogre (D:9)
  An orc knight (Bailey)
  A yak (D:5)
  5 orc warriors (Bailey)
  A jelly (D:5)
  3 orc wizards
  A gnoll (D:2)
  2 adders
  7 orcs
  A ball python (D:4)
23 creatures vanquished.

Vanquished Creatures (others)
  5 starspawn tentacles (Abyss:1)
5 creatures vanquished.

Grand Total: 251 creatures vanquished

Notes
Turn   | Place    | Note
-------+----------+-------------------------------------------
     0 | D:1      | Nonny the Demonspawn Cinder Acolyte began the quest for the
                  | Orb.
     0 | D:1      | Reached XP level 1. HP: 18/18 MP: 2/2
   190 | D:1      | Staff of death southeast of start
   230 | D:1      | Reached skill level 3 in Maces & Flails
   234 | D:1      | Gained mutation: You are partially covered in yellow
                  | scales. (AC +2) [demonic ancestry]
   234 | D:1      | Reached XP level 2. HP: 24/24 MP: 3/3
   590 | D:1      | Found a faded altar of an unknown god.
   913 | D:2      | Gained mutation: A weak demonic guardian rushes to your
                  | aid. [demonic ancestry]
   913 | D:2      | Reached XP level 3. HP: 29/29 MP: 4/4
  1101 | D:2      | Reached XP level 4. HP: 26/37 MP: 5/5
  1127 | D:2      | Reached skill level 4 in Maces & Flails
  1550 | D:3      | Found a snail-covered altar of Cheibriados.
  1551 | D:3      | Found Ejenovuh's Armour Shoppe.
  1585 | D:3      | Found a sacrificial altar of Ru.
  1718 | D:3      | Found a hide-covered altar of Uskayaw.
  1793 | D:3      | Reached XP level 5. HP: 42/42 MP: 6/6
  1828 | D:3      | Bought a +0 ring mail of cold resistance for 132 gold
                  | pieces
  2077 | D:3      | Reached skill level 1 in Armour
  2078 | D:3      | HP: 3/63 [orc priest/+0 trident (3)]
  2497 | D:4      | Found Gozag's Platinum Reserve.
  2712 | D:4      | Gained mutation: You are mostly covered in yellow scales.
                  | (AC +3) [demonic ancestry]
  2712 | D:4      | Reached XP level 6. HP: 26/49 MP: 7/7
  2978 | D:4      | Reached skill level 5 in Maces & Flails
  3152 | D:4      | Found a runed translucent gate.
  3152 | D:4      | Found a runed translucent gate.
  3152 | D:4      | Found a runed translucent gate.
  3155 | D:4      | Noticed Gerakis's ghost (amateur HOEn)
  3272 | D:4      | Found an opulent altar of Gozag.
  3292 | D:4      | Gained mutation: Your touch may inflict minor irresistible
                  | damage on your foes. [demonic ancestry]
  3292 | D:4      | Reached XP level 7. HP: 55/55 MP: 8/8
  3744 | D:4      | Found a shimmering blue altar of Sif Muna.
  3881 | D:5      | Entered Level 5 of the Dungeon
  3908 | D:5      | Noticed a yak
  3908 | D:5      | Noticed a yak
  3909 | D:5      | Noticed a yak
  3917 | D:5      | Killed a yak
  3918 | D:5      | Reached skill level 5 in Fighting
  3922 | D:5      | Killed a yak
  3923 | D:5      | Reached skill level 6 in Maces & Flails
  3931 | D:5      | Killed a yak
  4038 | D:5      | Reached XP level 8. HP: 54/62 MP: 9/9
  4103 | D:5      | Found a shimmering altar of Xom.
  4571 | D:5      | Noticed Menkaure
  4578 | D:5      | Killed Menkaure
  4607 | D:5      | Reached skill level 7 in Maces & Flails
  4692 | D:5      | Found an iron altar of Okawaru.
  4742 | D:5      | Reached skill level 5 in Armour
  4966 | D:6      | Identified the +10 long sword of Exoneration {holy, Contam
                  | rElec Dex+3 Stlth+}
  5319 | D:6      | Found a blossoming altar of Fedhas.
  5341 | D:6      | Found a sand-covered staircase.
  5345 | Ossuary  | Entered an ossuary
  5405 | Ossuary  | Reached skill level 1 in Evocations
  5405 | Ossuary  | Gained mutation: A demonic guardian rushes to your aid.
                  | [demonic ancestry]
  5405 | Ossuary  | Reached XP level 9. HP: 42/70 MP: 10/10
  5573 | Ossuary  | Reached skill level 8 in Maces & Flails
  6080 | D:6      | Found a hazy altar of Hepliaklqana.
  6243 | D:6      | Found Vujul's Jewellery Shop.
  6549 | D:6      | Found a shadowy altar of Dithmenos.
  7287 | D:7      | Reached skill level 9 in Maces & Flails
  7567 | D:7      | Noticed Joseph
  7586 | D:7      | Killed Joseph
  7785 | D:7      | Found a staircase to the Ecumenical Temple.
  7792 | Temple   | Entered the Ecumenical Temple
  7870 | Temple   | Temple: the oval
  8134 | D:8      | Reached XP level 10. HP: 75/79 MP: 11/11
  8312 | D:8      | Found a flagged portal.
  8326 | D:8      | portal in the northeast
  8327 | Bailey   | Entered a bailey
  8518 | Bailey   | Reached skill level 1 in Dodging
  8523 | Bailey   | Noticed an orc knight
  8565 | Bailey   | Killed an orc knight
  8833 | Bailey   | Found a large runed translucent door.
  8833 | Bailey   | Found a large runed translucent door.
  8834 | Bailey   | Noticed a deep elf pyromancer
  8874 | Bailey   | Killed a deep elf pyromancer
  8875 | Bailey   | Reached skill level 10 in Maces & Flails
  8888 | Bailey   | Identified the ring of Relativism {rPois Str-3 Int+5}
  8993 | D:8      | Found a radiant altar of Vehumet.
  9489 | D:9      | Noticed a manticore
  9494 | D:9      | Killed a manticore
  9580 | D:9      | Noticed a two-headed ogre
  9604 | D:9      | Killed a two-headed ogre
  9845 | D:9      | REGEN AMULET
 10128 | D:9      | Noticed Erolcha
 10154 | Abyss:1  | Cast into level 1 of the Abyss (Erolcha)
 10206 | Abyss:1  | Noticed a tentacled starspawn
 10211 | Abyss:1  | Reached skill level 11 in Maces & Flails
 10211 | Abyss:1  | Gained mutation: A meltable shield of frost defends you.
                  | (SH +4) [demonic ancestry]
 10211 | Abyss:1  | Reached XP level 11. HP: 30/87 MP: 12/12
 10220 | Abyss:1  | Noticed a profane servitor
 10229 | Abyss:1  | Quit the game

Illustrated notes ####### #......#######.# # #......#.......# # #..............# # #..............+ # #.....##.......# . #.....##.......# . #............### . #.......###.... #....@..# .##.# ######### .# .. Turn 190 on D:1: Staff of death southeast of start

#############
#####...........##
####.................
###...@........_.......
###........_..........._.
##........................
##.......8.................
##..........................
#...........................
##....._...........⌠...⌠.....
#............................
#............................


Turn 7870 on Temple: Temple: the oval ###### ########....# ..........#.#
#.≈≈~≈≈.#.##### # ####.≈.>.≈.#...... .## .....~.@.).)...... ...
####.≈..)≈)#.#### ..# #.≈≈~≈≈.#.#######..# #..................#
###.............#..# ..<...........#.#..## ####.####.###.#.....#
##.####.###.#.#...# .......<...........# Turn 8326 on D:8: portal in the
northeast ........ ..#### #..####### ## ##.......#... ### ........<... #.+
........### #+#.### ........# #.....# ....###.#####+##.....# #####
#....#...#@(...# ##.#'#...#+#.##### #.#.......#.'...+ ..###...#####...###
.#.#.'...+.#.......# #.#+#.#####.#'#...#+# . #.....#.....#...# #+
#.....'.....##+## #.....#.....# Turn 9845 on D:9: REGEN AMULET

Levels and vault maps discovered:
D:1:      psy_arrival_spokes, layout_basic, hellmonk_ecumenical_altar_run_dry
D:2:      layout_rooms, basic_altar, grunt_ministairs_5
D:3:      layout_basic, hangedman_ru_absence, old_standard_altar,
          cheibriados_altar_1, serial_curves, eino_curves_03, eino_curves_02,
          serial_shops, shop, hangedman_decor_growths, guppyfry_early_orc_mine
D:4:      layout_basic, lemuel_blue_sif_altar, nicolae_gozag_zags_fifth_avenue,
          gammafunk_ghost_nasty_kobolds
D:5:      layout_gridville, lemuel_coloured_pillars_altar, xom_confusion_cloud,
          uniq_menkaure
D:6:      layout_gridville, nzn_hepliaklqana_mist_gate, lemuel_tele_altar,
          nicolae_dithmenos_through_a_glass_darkly, enter_ossuary_5,
          serial_shops, nicolae_shop_pleasant_corner_grove
D:7:      layout_basic, minmay_temple_entry_statues_pillars, uniq_joseph
D:8:      minmay_flawed_box, layout_basic, mainiacjoe_overflow_cross_hatched,
          enter_bailey_5
D:9:      nicolae_cairo_tiling_large, layout_basic, lair_entry_dummy,
          minmay_unpleasant_kobolds, uniq_erolcha
Temple:   compressed_dpeg_circular_temple
Abyss:1:  base:
D:9

Skill      XL: |  1  2  3  4  5  6  7  8  9 10 |
---------------+-------------------------------+-----
Maces & Flails | 3 4 5 6 7 9 11 | 11.0
Fighting       | 4 5 6 7 8 |  8.9
Armour         | 1 2 4 5 6 7 |  7.0
Evocations     | 1 3 |  3.0
Dodging        | 3 |  3.4
Spellcasting   | |  1.0
Fire Magic     | |  2.6

Action                     |  1- 3 |  4- 6 |  7- 9 | 10-12 || total
---------------------------+-------+-------+-------+-------++-------
  Melee: Mace              |    85 |   220 |   286 |       ||   591
         Punch             |       |     1 |     3 |     2 ||     6
         Touch             |       |       |    88 |    19 ||   107
         Flail             |       |       |    68 |   112 ||   180
  Throw: Dart              |     3 |     1 |       |       ||     4
 Invoke: Fiery Armour      |       |       |       |     1 ||     1
  Evoke: Wand              |       |     2 |     3 |     4 ||     9
    Use: Scroll            |       |    13 |     5 |     5 ||    23
         Potion            |       |     4 |     1 |     3 ||     8
   Stab: Distracted        |     1 |     1 |       |       ||     2
         Paralysed         |       |     2 |     5 |       ||     7
 Armour: Robe              |    12 |       |       |       ||    12
         Ring mail         |    28 |   109 |   135 |    68 ||   340
         Skin              |       |     7 |     2 |       ||     9
  Dodge: Dodged            |    71 |   134 |   167 |    88 ||   460
  Block: Other             |       |       |       |     2 ||     2
